 Dungeon Crawl Stone Soup version 0.31-a0-986-g5e6e4ef867 (webtiles) character file.

Game seed: 6764780135811791018

131129 Jeffwins the Mimic (level 16, -12/141 HPs)
             Began as a White Draconian Shapeshifter on Nov 24, 2023.
             Was a High Priest of Vehumet.
             Killed by the air
             ... invoked by a spriggan air mage
              (27 damage)
             ... on level 2 of the Swamp.
             The game lasted 01:27:00 (30379 turns).

Jeffwins the Mimic (White Draconian Shapeshifter)  Turns: 30379, Time: 01:27:01

Health: -12/141    AC:  9    Str: 29    XL:     16   Next: 54%
Magic:  11/25      EV: 11    Int: 21    God:    Vehumet [*****.]
Gold:   1118       SH:  0    Dex:  8    Spells: 3/27 levels left

rFire   + . .        b - melded +10 quarterstaff of Tension {pain, Int+9}
rCold   x . .        (shield currently unavailable)
rNeg    . . .        (body armour unavailable)
rPois   +            k - melded +1 hat
rElec   .            N - melded +2 cloak
rCorr   .            e - melded +0 pair of gloves
SInv    .            (boots currently unavailable)
Will    +++..        z - amulet of magic regeneration
Stlth   ++           V - ring "Tuafa" {Fire rPois Will++ Int+3 Dex-2}
HPRegen 0.43/turn    S - +6 ring of strength
MPRegen 0.59/turn

%: no passive effects
@: snake-form, very slightly contaminated, studying Summonings
A: constrict, boosted hp, (breathe frost), AC +9, large, unfitting armour, (cold
resistance 2), (cold-blooded), frail 1
a: Begin Untransformation, Renounce Religion


You were on level 2 of the Swamp.
You worshipped Vehumet.
Vehumet was extremely pleased with you.
You were an enormous anaconda.
You visited 5 branches of the dungeon, and saw 25 of its levels.
You also visited: Bailey and Ice Cave.

You collected 2648 gold pieces.
You spent 1530 gold pieces at shops.


Innate Abilities, Weirdness & Mutations

You are an enormous anaconda.
You have a powerful constriction melee attack.
Your maximum health is increased.
Your armour is entirely melded.
You are incapable of wielding weapons or throwing items.
((You can breathe waves of freezing cold which knock back foes.))
((Your icy white scales are hard. (AC +9)))
You cannot fit into any form of body armour.
((Your flesh is very cold resistant. (rC++)))
((You are cold-blooded and may be slowed by cold attacks.))
You are frail. (-10% HP)


   Skills:
 + Level 9.4 Fighting
 * Level 8.9 Staves
 + Level 7.7 Dodging
 - Level 5.0 Stealth
 + Level 6.4 Shields
 - Level 10.0 Unarmed Combat
 * Level 6.4 Spellcasting
 * Level 9.1 Conjurations
 - Level 8.0 Transmutations
 * Level 11.2 Ice Magic
 * Level 8.9 Air Magic
 + Level 5.7 Poison Magic
 + Level 7.5 Evocations
 * Level 11.3 Shapeshifting


You had 3 spell levels left.
You knew the following spells:

 Your Spells              Type           Power      Damage    Failure   Level
c - Ozocubu's Refrigerat  Ice            26%        4d13      21%         7
d - Orb of Destruction    Conj           22%        9d8       41%         7
m - Mephitic Cloud        Conj/Pois/Air  40%        N/A       1%          3
x - Wereblood             Tmut           40%        N/A       1%          2
z - Freezing Cloud        Conj/Ice/Air   23%        6-21      1%          5

Your spell library contained the following spells:

 Spells                   Type           Power      Damage    Failure   Level
 Conjure Ball Lightning   Conj/Air       22%        3x3d6     10%         6
 Magic Dart               Conj           100%       1d8       1%          1
 Ensorcelled Hibernation  Hex/Ice        60%        N/A       1%          2
 Poisonous Vapours        Pois/Air       74%        N/A       1%          2
 Searing Ray              Conj           90%        2d7       1%          2
 Static Discharge         Conj/Air       88%        3-7/arc   1%          2
 Dazzling Flash           Conj/Hex       50%        N/A       1%          3
 Stone Arrow              Conj/Erth      50%        3d10      1%          3
 Inner Flame              Hex/Fire       10%        N/A       8%          3
 Volatile Blastmotes      Fire/Tloc      20%        2d11      8%          3
 Jinxbite                 Hex            12%        N/A       14%         2
 Sublimation of Blood     Necr           6%         N/A       14%         2
 Summon Guardian Golem    Hex/Summ       6%         N/A       28%         3
 Airstrike                Air            22%        2d(4-20)  1%          4
 Arcjolt                  Conj/Air       22%        1d32      1%          5
 Irradiate                Conj/Tmut      21%        3d18      2%          5
 Flame Wave               Conj/Fire      38%        2d10      4%          4
 Fulminant Prism          Conj/Hex       12%        3d9       4%          4
 Sticky Flame             Conj/Fire      38%        2d6       4%          4
 Fireball                 Conj/Fire      19%        3d9       11%         5
 Summon Lightning Spire   Summ/Air       25%        N/A       14%         4
 Vhi's Electric Charge    Tloc/Air       50%        N/A       14%         4
 Alistair's Intoxication  Tmut/Pois      23%        N/A       16%         5
 Eringya's Noxious Bog    Tmut/Pois      17%        4d6       22%         6
 Silence                  Hex/Air        12%        N/A       38%         5
 Starburst                Conj/Fire      19%        6d7       45%         6
 Anguish                  Hex/Necr       3%         N/A       67%         4
 Animate Dead             Necr           6%         N/A       67%         4
 Cause Fear               Hex            3%         N/A       67%         4
 Passage of Golubria      Tloc           6%         N/A       67%         4
 Simulacrum               Ice/Necr       15%        N/A       80%         6
 Spellforged Servitor     Conj/Summ      12%        N/A       94%         7
 Borgnjor's Vile Clutch   Necr/Erth      3%         N/A       95%         5
 Maxwell's Capacitive Co  Air            22%        ∞         97%         8
 Death Channel            Necr           3%         N/A       100%        6
 Summon Hydra             Summ           3%         N/A       100%        7
 Lehudib's Crystal Spear  Conj/Erth      12%        10d4      100%        8
 Dragon's Call            Summ           3%         N/A       100%        9
 Polar Vortex             Ice            26%        12d3*     100%        9
 Animate Armour           Summ/Erth      Unusable   N/A       N/A         4

Inventory:

Hand Weapons
 a - the +9 staff of Olgreb {rPois∞}
   (You found it on level 7 of the Dungeon)

   Radiate:   It can be activated via the 'a'bility menu to radiate toxic
   energy, with effectiveness depending on Evocations skill.
   Pois:      It enhances your poison magic.
   rPois∞: It grants immunity to poison.
 b - the +10 quarterstaff of Tension (melded) {pain, Int+9}
   (You found it on level 3 of the Lair of Beasts)

   Int+9:     It affects your intelligence (+9).
Missiles
 B - 22 poisoned darts
 K - 4 throwing nets {=f}
 Y - a curare-tipped dart {=f}
Armour
 e - a +0 pair of gloves (melded)
 k - a +1 hat (melded)
 N - a +2 cloak (melded)
 R - a +1 kite shield of cold resistance
Magical Staves
 x - a staff of air
Jewellery
 g - an amulet of regeneration
 z - an amulet of magic regeneration (around neck)
 G - the amulet "Rivveirph" {Reflect rElec SH+5}
   (You found it in an ice cave)

   [amulet of reflection]

   Reflect:   It reflects blocked missile attacks.
   rElec:     It insulates you from electricity.
   SH+5:      It affects your SH (+5).
 L - a ring of flight
 S - a +6 ring of strength (right hand)
 V - the ring "Tuafa" (left hand) {Fire rPois Will++ Int+3 Dex-2}
   (You bought it in a shop on level 2 of the Orcish Mines)

   [ring of fire]

   Fire:      It enhances your fire magic.
   Int+3:     It affects your intelligence (+3).
   Dex-2:     It affects your dexterity (-2).
   rF+:       It protects you from fire.
   rC-:       It makes you vulnerable to cold.
   rPois:     It protects you from poison Will++: It greatly increases your
   willpower.
Talismans
 c - a flux talisman
 s - a blade talisman
 C - a serpent talisman (active)
 T - a talisman of death
Wands
 l - a wand of polymorph (1)
 r - a wand of quicksilver (11)
 E - a wand of iceblast (18)
 F - a wand of flame (3)
 J - a wand of mindburst (7)
 Z - a wand of digging (7)
Scrolls
 h - a scroll of brand weapon
 i - 5 scrolls of teleportation {@r4}
 m - 7 scrolls of poison {!r}
 n - 5 scrolls of enchant armour
 p - a scroll of silence {!r}
 u - 4 scrolls of enchant weapon
 v - 6 scrolls of identify {@r1}
 y - 6 scrolls of immolation {!r}
 A - 3 scrolls of blinking
 H - a scroll of vulnerability {!r}
 W - 2 scrolls of amnesia
 X - a scroll of fog
Potions
 d - 5 potions of cancellation
 f - 3 potions of brilliance
 j - a potion of enlightenment
 o - 7 potions of might
 q - 4 potions of curing {@q1}
 t - 2 potions of haste {@q3}
 w - 4 potions of resistance
 I - 4 potions of ambrosia
 O - 2 potions of mutation {!q}
 P - 2 potions of invisibility
 Q - 4 potions of magic
Miscellaneous
 U - a tin of tremorstones (1/2)

Dungeon Overview and Level Annotations

Branches:
Dungeon (15/15)            Temple (1/1) D:7            Lair (5/5) D:8
  Swamp (2/4) Lair:2       Spider (0/4) Lair:3        Slime (0/5) Lair:4
    Orc (2/2) D:9             Elf (0/3) Orc:2        Vaults (0/5) D:13
 Depths (0/4) D:15         Bailey (visited)           IceCv (visited)

Altars:
Ashenzari
Cheibriados
Dithmenos
Elyvilon
Fedhas
Gozag
Hepliaklqana
Kikubaaqudgha
Makhleb
Nemelex Xobeh
Qazlal
Ru
Sif Muna
Trog
Uskayaw
Vehumet
Wu Jian
Xom
Yredelemnul
Zin
The Shining One
Lugonu

Shops:
D:4 *   D:7 ((:[*   Orc:2 ==[[

Portals:
Abyss: Lair:5
Trove: D:14 (give +6 demon whip)

Annotations:
D:7 1 runed translucent door

♣♣~.~..~~~~...♣ ♣♣.~~.~.♣.
.~~ ~~~.~§♣~♣♣†..♣♣
♣.~♣..~#####.♣#
~..~~~~~♣♣....♣
♣♣.§.♣~~†..?y.§~
...~.~.♣♣♣♣†~♣♣
♣..~..~.#.....~. ...~♣~§♣
♣♣§.♣♣ ♣~♣..~..#...♣~~♣
♣♣.~.♣♣♣ ♣.~).♣
♣♣..........♣♣~♣
.~~♣♣♣♣♣♣♣..♣♣♣♣♣♣♣.....####♣
..
§~..♣....♣~~~~♣♣.♣♣♣i.......
~. .~....~<<§~~S.~....~§.♣♣ .
.~.~..~<<~.)÷~)......~.♣ ♣
♣♣♣.~♣~~~~♣.♣..♣.~~~.§..
♣♣♣♣♣).♣♣♣♣♣♣♣~~...♣♣.~
♣♣...♣ ♣♣.♣.♣ ♣..~.♣ ♣♣ ..
♣~..♣♣ ~ ♣♣..♣ ♣.†~♣


You could see a spriggan air mage (repels missiles).


Message History

A vampire mosquito comes into view.
Cornered, the swamp worm turns to fight!
The vampire mosquito bites you but does no damage.
Unknown command.
The vampire mosquito closely misses you.
Unknown command.
Your surroundings suddenly seem different.
Unknown command.
Aiming: Iceblast
Press: ? - help, Shift-Dir - straight line, f - spriggan air mage
Aim: a spriggan air mage, wearing a +0 robe (moderately wounded, repelling missiles)
The mass of ice explodes!
The iceblast engulfs the spriggan air mage!
The spriggan air mage is heavily wounded.
The spriggan air mage waves its arms in wide circles.
The air twists around and strikes you!!
* * * LOW HITPOINT WARNING * * *
Blink to where?
Press: ? - help, Dir - move target, p - spriggan air mage
As you read the scroll of blinking, it crumbles to dust.
You enter the shallow water.
You have got your breath back.
Okay, then.
Okay, then.
Casting: Ozocubu's Refrigeration (dangerous; 21% risk of failure)
Confirm with . or Enter, or press ? or * to list all spells.
You miscast Ozocubu's Refrigeration.
Nothing appears to happen.
The spriggan air mage waves its arms in wide circles.
The air twists around and strikes you!!
You die...

Skill      XL: |  1  2  3  4  5  6  7  8  9 10 11 12 13 14 15 16 |
---------------+-------------------------------------------------+-----
Dodging        | 2 3 4 5 6 7 |  7.7
Stealth        | 1 2 3 4 5 |  5.0
Fighting       | 2 3 4 5 6 7 8 9 |  9.4
Unarmed Combat | 4 5 6 7 8 9 10 | 10.0
Transmutations | 1 2 3 4 5 6 7 8 |  8.0
Spellcasting   | 1 2 3 4 5 6 |  6.4
Shapeshifting  | 4 6 7 8 9 10 11 | 11.3
Evocations     | 1 3 4 5 6 7 |  7.5
Ice Magic      | 3 4 6 8 9 10 11 | 11.2
Shields        | 1 2 3 4 5 6 |  6.4
Air Magic      | 1 3 4 6 7 8 |  8.9
Conjurations   | 3 4 6 7 8 9 |  9.1
Poison Magic   | 2 3 4 5 |  5.7
Staves         | 3 4 6 7 8 |  8.9

Action                     |  1- 3 |  4- 6 |  7- 9 | 10-12 | 13-15 | 16-18 || total
---------------------------+-------+-------+-------+-------+-------+-------++-------
  Melee: Unarmed           |    97 |   164 |   242 |    90 |   234 |    10 ||   837
         Tailslap          |    15 |    18 |    39 |    77 |    92 |     9 ||   250
         Punch             |     2 |     1 |       |    23 |    29 |       ||    55
         Staff             |       |       |       |   401 |   331 |     1 ||   733
         Constrict         |       |       |       |       |    29 |       ||    29
         Quarterstaff      |       |       |       |       |    95 |    53 ||   148
   Cast: Wereblood         |       |       |     1 |     2 |     1 |       ||     4
         Freezing Cloud    |       |       |       |    20 |    83 |     2 ||   105
         Mephitic Cloud    |       |       |       |     3 |       |       ||     3
         Ozocubu's Refrige |       |       |       |       |    68 |    87 ||   155
Ability: Breathe Frost     |       |       |    16 |    16 |    28 |     9 ||    69
         Evoke the Staff o |       |       |       |    66 |    81 |     1 ||   148
  Evoke: Wand              |       |       |    11 |    21 |    11 |     4 ||    47
         Tin of tremorston |       |       |       |       |     2 |     2 ||     4
    Use: Potion            |       |     1 |     1 |     8 |     6 |     3 ||    19
         Scroll            |       |     2 |     5 |    11 |     6 |     4 ||    28
   Stab: Sleeping          |       |     2 |       |    11 |     5 |       ||    18
         Paralysed         |       |       |     7 |     7 |       |       ||    14
         Distracted        |       |       |       |     2 |     1 |       ||     3
 Armour: Skin              |    40 |   108 |   153 |   439 |   755 |    99 ||  1594
  Dodge: Dodged            |    57 |   148 |   131 |   330 |   437 |    49 ||  1152
   Form: Flux              |       |     1 |       |     2 |     1 |       ||     4
         Beast             |       |       |     1 |     2 |     1 |       ||     4
         Anaconda          |       |       |       |       |     3 |     2 ||     5
                           |       |       |       |       |     3 |     1 ||     4
         Blade             |       |       |       |       |     2 |       ||     2
         Death             |       |       |       |       |     1 |       ||     1

Levels and vault maps discovered:
D:1:      dpeg_arrival_round_c, layout_basic
D:2:      minmay_angry_zag, layout_loops_ring, serial_park_tiny_pond,
          amcnicky_mini_rare_corridor_liquid
D:3:      layout_rooms, mainiacjoe_overflow_alcove_4,
          chequers_temple_overflow_statue_of_worship,
          nicolae_overflow_hidden_temple, dilly_ecumenical_altar_fadedgnrine,
          uniq_natasha
D:4:      layout_basic, gammafunk_temple_overflow_pools, serial_shops,
          nicolae_shop_waterfront, minmay_unequal
D:5:      layout_loops_corners, minivault_5
D:6:      layout_loops_ring, nemelex_spade_bored_becter, kennysheep_mini_moat,
          small_statue_alley_b, kennysheep_crisscross, uniq_pikel, uniq_duvessa,
          uniq_jeremiah, uniq_crazy_yiuf_cottage
D:7:      minmay_flawed_box, layout_rooms, minmay_temple_entry_statues,
          serial_shops, shop, nicolae_shop_hallway_plus,
          nicolae_shop_statue_plus, nicolae_square_shop, shop,
          minmay_guarded_unrand_staff_of_olgreb
D:8:      layout_cave_pools, grunt_dithmenos_shadows, hellmonk_lair_entry_icy,
          enter_bailey_3, gammafunk_ghost_grave
D:9:      layout_roguey [special_room_orc], david_orc_2, nicolae_benzene_ring
D:10:     kennysheep_blocky_hall, layout_basic
D:11:     lemuel_flame_loot_2, layout_gridville, ebering_dispersal_statue_hall,
          st_stairs_6
D:12:     layout_cave_pods
D:13:     layout_grid_maze, erik_vaults_1
D:14:     layout_rooms, enter_trove_2, kennysheep_flooded_box,
          nicolae_fountain_basement, uniq_azrael
D:15:     grunt_enter_depths_magical_seal, layout_stronghold,
          kennysheep_doodads, xom_teletrap_fun, uniq_louise
Temple:   hellmonk_temple_two_chambers
Lair:1:   layout_roguey, kennysheep_snail_temple, infiniplex_staircase_pool_2,
          uniq_harold
Lair:2:   layout_roguey, mainiacjoe_swamp_entry_lozenge_pond,
          chequers_serial_rivers_room_a, infiniplex_staircase_pool
Lair:3:   cheibrodos_lair_overgrown_chateau, layout_concentric_octagons,
          spider_nest_entry_webs, hellmonk_guarded_unrand_vines, uniq_urug
Lair:4:   beast_lair_carwin_large_3, layout_cave_pods, dpeg_slime_entry_corner,
          portal_ice_cave_entry_animals_and_master,
          chequers_serial_rivers_micro_c
Lair:5:   hellmonk_lair_end_abyssal_woods, layout_loops_ring, st_stairs_13,
          dreamdust_mushroom_princess, minmay_lair_oklob_items, uniq_josephine
Swamp:1:  layout_basic_swamp, evilmike_swamp_ruin_house_3
Swamp:2:  nicolae_swamp_husk_halls, layout_falls_marsh,
          evilmike_swamp_ruin_house_6
Orc:1:    layout_caves, uniq_erica, uniq_fannar
Orc:2:    st_orc_ogre_mass, layout_caves

Notes
Turn   | Place    | Note
-------+----------+-------------------------------------------
     0 | D:1      | Jeffwins the Draconian Shapeshifter began the quest for the
                  | Orb.
     0 | D:1      | Reached XP level 1. HP: 16/16 MP: 1/1
    80 | D:1      | Reached XP level 2. HP: 23/23 MP: 2/2
   336 | D:1      | Reached skill level 2 in Dodging
   715 | D:2      | Reached XP level 3. HP: 26/27 MP: 3/3
   827 | D:2      | Learned a level 2 spell: Wereblood
  1107 | D:2      | Reached skill level 1 in Stealth
  1227 | D:2      | Reached XP level 4. HP: 36/36 MP: 4/4
  1650 | D:3      | Found a bloodstained altar of Trog.
  1763 | D:2      | Reached skill level 2 in Fighting
  1958 | D:3      | Reached XP level 5. HP: 29/41 MP: 5/5
  2041 | D:3      | Noticed Natasha
  2075 | D:2      | Reached skill level 4 in Unarmed Combat
  2087 | D:3      | Killed Natasha
  2088 | D:3      | Reached skill level 1 in Transmutations
  2146 | D:3      | Noticed Natasha
  2152 | D:3      | Killed Natasha
  2195 | D:3      | Found a faded altar of an unknown god.
  2292 | D:3      | Noticed Natasha
  2299 | D:3      | Killed Natasha
  2300 | D:3      | Reached skill level 1 in Spellcasting
  2321 | D:3      | Found a hazy altar of Hepliaklqana.
  2321 | D:3      | Found an ancient bone altar of Kikubaaqudgha.
  2460 | D:4      | Reached skill level 4 in Shapeshifting
  2460 | D:4      | Reached XP level 6. HP: 18/50 MP: 7/7
  2614 | D:4      | Reached skill level 2 in Stealth
  2725 | D:4      | Your scales start taking on an icy white colour.
  2725 | D:4      | Reached XP level 7. HP: 41/56 MP: 9/9
  2725 | D:4      | Gained mutation: Your flesh is cold resistant. (rC+) [White
                  | Draconian growth]
  2802 | D:4      | Reached skill level 3 in Fighting
  2802 | D:4      | Reached skill level 2 in Transmutations
  2885 | D:4      | Found an opulent altar of Gozag.
  2885 | D:4      | Found a shimmering blue altar of Sif Muna.
  3020 | D:4      | Found Yror's General Store.
  3029 | D:4      | Bought a scroll of blinking for 82 gold pieces
  3029 | D:4      | Bought a potion of might for 44 gold pieces
  3118 | D:5      | Entered Level 5 of the Dungeon
  3201 | D:5      | Reached skill level 3 in Dodging
  3201 | D:5      | Reached skill level 5 in Unarmed Combat
  3201 | D:5      | Reached skill level 2 in Spellcasting
  3201 | D:5      | Reached skill level 1 in Evocations
  3645 | D:5      | Reached XP level 8. HP: 29/63 MP: 11/11
  3734 | D:5      | Reached skill level 5 in Shapeshifting
  4028 | D:5      | Reached skill level 2 in Evocations
  4036 | D:5      | Reached skill level 3 in Stealth
  4271 | D:6      | Found a burning altar of Makhleb.
  4348 | D:6      | Noticed Jeremiah
  4386 | D:6      | Killed Jeremiah
  4387 | D:6      | Reached skill level 4 in Fighting
  4387 | D:6      | Reached skill level 6 in Unarmed Combat
  4387 | D:6      | Reached skill level 3 in Transmutations
  4581 | D:6      | Found a sparkling altar of Nemelex Xobeh.
  4675 | D:6      | Noticed Pikel
  4699 | D:6      | Killed Pikel
  4700 | D:6      | Reached skill level 4 in Dodging
  4700 | D:6      | Reached skill level 3 in Evocations
  4700 | D:6      | Reached skill level 6 in Shapeshifting
  4700 | D:6      | Reached XP level 9. HP: 49/72 MP: 12/12
  4833 | D:6      | Noticed Dowan
  4848 | D:6      | Killed Dowan
  4848 | D:6      | Noticed Duvessa
  4858 | D:6      | Killed Duvessa
  4912 | D:6      | Found a runed translucent door.
  4913 | D:6      | Noticed Crazy Yiuf
  5161 | D:6      | Killed Crazy Yiuf
  5162 | D:6      | Reached skill level 5 in Fighting
  5162 | D:6      | Reached skill level 4 in Stealth
  5300 | D:7      | Found Fac Dit's General Store.
  5316 | D:7      | Bought a potion of brilliance for 48 gold pieces
  5316 | D:7      | Bought 2 scrolls of identify for 48 gold pieces
  5316 | D:7      | Bought a scroll of identify for 24 gold pieces
  5337 | D:7      | Found Miob's Armour Shop.
  5372 | D:7      | Found a runed translucent door.
  5383 | D:7      | Reached skill level 7 in Unarmed Combat
  5383 | D:7      | Reached skill level 4 in Transmutations
  5431 | D:7      | Found a runed translucent gate.
  5432 | D:7      | Found the +9 staff of Olgreb {rPois∞}
  5522 | D:7      | Found a runed translucent gate.
  5533 | D:7      | Found a runed translucent gate.
  5536 | D:7      | Found a runed translucent door.
  5564 | D:7      | Reached XP level 10. HP: 44/81 MP: 13/13
  5574 | D:7      | Reached skill level 4 in Evocations
  5574 | D:7      | Reached skill level 7 in Shapeshifting
  5687 | D:7      | Found Extec's Book Emporium.
  5728 | D:7      | Found Ubbuxa's Weapon Shoppe.
  5752 | D:7      | Found Agav's Weapon Shop.
  6272 | D:7      | Found a staircase to the Ecumenical Temple.
  6289 | Temple   | Entered the Ecumenical Temple
  6296 | Temple   | Became a worshipper of Vehumet
  6447 | D:8      | Reached skill level 8 in Unarmed Combat
  6460 | D:8      | Found a shadowy altar of Dithmenos.
  6492 | D:8      | Found a runed translucent door.
  6492 | D:8      | Noticed DoNotCum's ghost (novice DECj)
  6500 | D:8      | Killed DoNotCum's ghost
  6501 | D:8      | Reached skill level 6 in Fighting
  6501 | D:8      | Reached skill level 5 in Dodging
  6501 | D:8      | Reached skill level 1 in Ice Magic
  6546 | D:8      | Reached skill level 5 in Stealth
  6569 | D:8      | Reached skill level 1 in Shields
  6578 | D:8      | Reached skill level 2 in Ice Magic
  6594 | D:8      | Reached skill level 5 in Transmutations
  6600 | D:8      | Reached * piety under Vehumet
  6600 | D:8      | Offered knowledge of Sandblast by Vehumet.
  6646 | D:8      | Found a flagged portal.
  6651 | Bailey   | Entered a bailey
  6656 | Bailey   | Learned a level 3 spell: Mephitic Cloud
  6662 | Bailey   | Learned a level 5 spell: Freezing Cloud
  7142 | D:8      | Reached skill level 3 in Ice Magic
  7380 | D:8      | Found a staircase to the Lair.
  7399 | D:8      | Identified 4 potions of resistance
  7439 | D:8      | Reached skill level 1 in Air Magic
  7439 | D:8      | Reached XP level 11. HP: 59/90 MP: 2/14
  7441 | D:8      | Reached skill level 1 in Conjurations
  7441 | D:8      | Reached skill level 1 in Poison Magic
  7503 | D:8      | Reached skill level 1 in Staves
  7585 | D:9      | Noticed a two-headed ogre
  7589 | D:9      | Killed a two-headed ogre
  7658 | D:9      | Found a staircase to the Orcish Mines.
  7718 | D:9      | Reached skill level 2 in Shields
  7822 | D:9      | Offered knowledge of Kiss of Death by Vehumet.
  7827 | D:9      | Reached ** piety under Vehumet
  8247 | D:9      | Noticed a two-headed ogre
  8275 | D:9      | Killed a two-headed ogre
  8451 | D:10     | Entered Level 10 of the Dungeon
  8539 | D:10     | Reached skill level 8 in Shapeshifting
  8762 | D:10     | Reached skill level 2 in Conjurations
  8762 | D:10     | Reached skill level 2 in Air Magic
  8763 | D:10     | Reached skill level 5 in Evocations
  8769 | D:10     | Reached skill level 2 in Staves
  8899 | D:10     | Noticed a two-headed ogre
  8914 | D:10     | Killed a two-headed ogre
  8915 | D:10     | Reached skill level 4 in Ice Magic
  9237 | D:10     | Offered knowledge of Scorch by Vehumet.
  9507 | D:11     | Reached skill level 3 in Spellcasting
  9597 | D:11     | Reached *** piety under Vehumet
  9898 | D:11     | Noticed a purple ugly thing
  9912 | D:11     | Killed a purple ugly thing
  9913 | D:11     | Reached skill level 9 in Unarmed Combat
  9913 | D:11     | Reached skill level 2 in Poison Magic
 10467 | D:11     | Gained mutation: Your flesh is very cold resistant. (rC++)
                  | [potion of mutation]
 10604 | D:12     | Reached skill level 3 in Staves
 10604 | D:12     | Reached skill level 3 in Air Magic
 10897 | D:12     | Reached skill level 3 in Conjurations
 10898 | D:12     | Reached XP level 12. HP: 97/97 MP: 0/16
 11110 | D:12     | Reached skill level 5 in Ice Magic
 11146 | D:12     | Reached skill level 3 in Shields
 11733 | Lair:1   | Entered Level 1 of the Lair of Beasts
 11835 | Lair:1   | Offered knowledge of Fulminant Prism by Vehumet.
 11864 | Lair:1   | Found a snail-covered altar of Cheibriados.
 11907 | Lair:1   | Reached skill level 7 in Fighting
 12150 | Lair:1   | Reached skill level 4 in Staves
 12329 | Lair:1   | Reached skill level 4 in Conjurations
 12329 | Lair:1   | Reached skill level 6 in Transmutations
 12363 | Lair:1   | Reached skill level 6 in Dodging
 12363 | Lair:1   | Reached skill level 4 in Air Magic
 12367 | Lair:1   | Reached **** piety under Vehumet
 12369 | Lair:1   | Reached skill level 6 in Ice Magic
 12448 | Lair:1   | Noticed Harold
 12455 | Lair:1   | Killed Harold
 13086 | Lair:2   | Reached skill level 9 in Shapeshifting
 13309 | Lair:2   | Reached skill level 3 in Poison Magic
 13675 | Lair:2   | Reached XP level 13. HP: 99/105 MP: 16/18
 13757 | Lair:2   | Found a staircase to the Swamp.
 14130 | Lair:3   | Identified the +10 quarterstaff of Tension {pain, Int+9}
 14281 | Lair:3   | Offered knowledge of Hailstorm by Vehumet.
 14282 | Lair:3   | Reached skill level 5 in Staves
 14287 | Lair:3   | HP: 8/105 [eight-headed hydra (7)]
 14440 | Lair:3   | Reached skill level 5 in Air Magic
 14441 | Lair:3   | Reached skill level 5 in Conjurations
 14470 | Lair:3   | Reached skill level 7 in Ice Magic
 14611 | Lair:3   | Reached skill level 4 in Shields
 14614 | Lair:3   | Noticed Urug
 14629 | Lair:3   | Killed Urug
 14630 | Lair:3   | Reached skill level 4 in Spellcasting
 14795 | Lair:3   | Reached skill level 6 in Evocations
 14903 | Lair:3   | Reached ***** piety under Vehumet
 14918 | Lair:3   | Offered knowledge of Airstrike by Vehumet.
 14979 | Lair:3   | Found a hole to the Spider Nest.
 15540 | Lair:3   | Reached skill level 6 in Staves
 15598 | Lair:3   | Found the +1 robe of Vines {NoPotionHeal Regen++++}
 15950 | Lair:3   | Reached skill level 8 in Ice Magic
 15958 | Lair:3   | Reached skill level 6 in Conjurations
 15961 | Lair:3   | Reached skill level 6 in Air Magic
 16377 | D:7      | Bought a book of Ice for 500 gold pieces
 16385 | D:7      | Learned a level 7 spell: Ozocubu's Refrigeration
 16546 | Lair:4   | Reached XP level 14. HP: 107/114 MP: 11/20
 16747 | Lair:4   | Found a frozen archway.
 16759 | Lair:4   | Reached skill level 4 in Poison Magic
 16768 | IceCv    | Entered an ice cave
 16979 | IceCv    | Offered knowledge of Yara's Violent Unravelling by Vehumet.
 17723 | IceCv    | HP: 5/113 [slime creature (12)]
 17828 | IceCv    | Found a viscous altar of Jiyva.
 17828 | IceCv    | Noticed an azure jelly
 17837 | IceCv    | Killed an azure jelly
 17838 | IceCv    | Reached skill level 8 in Fighting
 17870 | IceCv    | Noticed an azure jelly
 17883 | IceCv    | Killed an azure jelly
 17884 | IceCv    | Reached skill level 10 in Shapeshifting
 17912 | IceCv    | Identified the amulet "Rivveirph" {Reflect rElec SH+5}
 18338 | Lair:4   | Reached skill level 7 in Transmutations
 18344 | Lair:4   | Reached skill level 9 in Ice Magic
 18855 | Lair:4   | Found a staircase to the Slime Pits.
 18943 | Lair:4   | Reached skill level 5 in Shields
 19097 | Lair:5   | Entered Level 5 of the Lair of Beasts
 19097 | Lair:5   | Noticed Josephine
 19106 | Lair:5   | Killed Josephine
 19107 | Lair:5   | Reached skill level 7 in Conjurations
 19212 | Lair:5   | Reached skill level 7 in Staves
 19272 | Lair:5   | Reached skill level 7 in Air Magic
 19894 | Lair:5   | Reached skill level 7 in Dodging
 19895 | Lair:5   | Offered knowledge of Plasma Beam by Vehumet.
 20282 | Lair:5   | Reached XP level 15. HP: 123/123 MP: 10/22
 20387 | Lair:5   | Reached skill level 10 in Unarmed Combat
 20865 | Lair:5   | Reached skill level 5 in Spellcasting
 21145 | Lair:5   | Identified the +3 flail "Mesist" {flame, rPois Will+}
 21412 | Lair:5   | Found a corrupted altar of Lugonu.
 21412 | Lair:5   | Found a one-way gate to the infinite horrors of the Abyss.
 21694 | Orc:1    | Entered Level 1 of the Orcish Mines
 21777 | Orc:1    | Noticed Erica
 21891 | Orc:1    | Killed Erica
 22208 | Orc:2    | Entered Level 2 of the Orcish Mines
 22615 | Orc:2    | Reached skill level 10 in Ice Magic
 22615 | Orc:2    | Reached skill level 7 in Evocations
 22627 | Orc:2    | Reached skill level 8 in Conjurations
 22629 | Orc:2    | Reached ****** piety under Vehumet
 22630 | Orc:2    | Reached skill level 8 in Air Magic
 22630 | Orc:2    | Reached skill level 5 in Poison Magic
 22652 | Orc:2    | Found Kevoyxut's Antique Armour Boutique.
 22652 | Orc:2    | Found Asoer Guo's Antique Armour Emporium.
 22653 | Orc:2    | Found Puasisaso's Jewellery Shoppe.
 22653 | Orc:2    | Found Exyofrab's Jewellery Boutique.
 22661 | Orc:2    | Paralysed by an ogre mage for 2 turns
 22663 | Orc:2    | Offered knowledge of Iskenderun's Battlesphere by Vehumet.
 22665 | Orc:2    | Paralysed by something for 3 turns
 22835 | Orc:2    | Gained mutation: You are frail. (-10% HP) [mutagenic glow]
 22898 | Orc:2    | Bought the ring "Tuafa" {Fire rPois Will++ Int+3 Dex-2} for
                  | 784 gold pieces
 23042 | Orc:2    | Found a staircase to the Elven Halls.
 23399 | Orc:1    | Reached skill level 9 in Fighting
 23520 | Orc:1    | Reached skill level 8 in Staves
 23566 | Orc:1    | Noticed Fannar
 23589 | Orc:1    | Killed Fannar
 24084 | D:13     | Found a gate to the Vaults.
 25764 | D:14     | Found a portal to a secret trove of treasure.
 25765 | D:14     | Noticed Azrael
 25768 | D:14     | Killed Azrael
 25774 | D:14     | Reached skill level 11 in Shapeshifting
 26037 | D:14     | Reached skill level 6 in Shields
 26357 | D:15     | Entered Level 15 of the Dungeon
 26518 | D:15     | Found a shimmering altar of Xom.
 26815 | D:15     | Reached XP level 16. HP: 111/118 MP: 8/24
 27037 | D:15     | Offered knowledge of Conjure Ball Lightning by Vehumet.
 27244 | D:15     | Found a staircase to the Depths.
 27257 | D:15     | Reached skill level 8 in Transmutations
 27341 | D:15     | Reached skill level 6 in Spellcasting
 27807 | D:15     | Noticed Louise
 28219 | D:15     | Killed Louise
 28562 | Swamp:1  | Entered Level 1 of the Swamp
 28577 | Swamp:1  | Learned a level 7 spell: Orb of Destruction
 28646 | Swamp:1  | Reached skill level 11 in Ice Magic
 30105 | Swamp:2  | Noticed a thorn hunter
 30107 | Swamp:2  | Killed a thorn hunter
 30111 | Swamp:2  | Reached skill level 9 in Conjurations
 30365 | Swamp:2  | HP: 14/141 [spriggan air mage/the air (27)]
 30367 | Swamp:2  | HP: 2/141 [spriggan air mage/the air (20)]
 30374 | Swamp:2  | HP: 13/141 [spriggan air mage/the air (19)]
 30379 | Swamp:2  | Killed from afar by a spriggan air mage

Vanquished Creatures
  2 azure jellies (IceCv)
  Louise (D:15)
  Azrael (D:14)
  2 bunyips
  An eleionoma (Swamp:1)
  A rakshasa (D:15)
  A vault guard (D:13)
  Fannar (Orc:1)
  Josephine (Lair:5)
  Harold (Lair:1)
  9 hydras
  2 boulder beetles
  2 alligators (Swamp:1)
  4 ogre magi
  2 centaur warriors
  A dancing weapon (D:13)
  Erica (Orc:1)
  15 two-headed ogres
  5 death yaks (Lair:3)
  Urug (Lair:3)
  3 tengu warriors (D:15)
  An orc high priest (Orc:1)
  3 thrashing horrors (Lair:5)
  2 skysharks
  3 goliath frogs (Swamp:2)
  A glowing orange brain (D:15)
  4 bog bodies (Swamp:1)
  Pikel (D:6)
  An arcanist (D:14)
  A swamp dragon (Lair:2)
  A lindwurm (Lair:3)
  2 deep elf zephyrmancers (D:15)
  A necromancer (D:15)
  The ghost of DoNotCum the Thaumaturge, a novice DECj (D:8)
  3 oklob plants
  2 deep elf pyromancers (D:15)
  2 orc knights
  3 orc sorcerers
  3 cyclopes
  2 manticores
  11 ugly things
  11 elephants
  A salamander (shapeshifter) (Lair:5)
  2 ice statues (IceCv)
  11 black mambas
  4 torpor snails
  A gargoyle (D:10)
  10 cane toads
  4 yaktaurs (D:15)
  3 centaur skeletons (D:15)
  3 rime drakes
  A freezing wraith (D:15)
  Jeremiah (D:6)
  3 efreet
  A kobold demonologist (D:14)
  11 komodo dragons
  A tengu conjurer (D:15)
  9 trolls
  9 polar bears
  3 bloated husks (Swamp:2)
  3 tyrant leeches (Swamp:1)
  9 hornets
  21 blink frogs
  3 raiju (Lair:5)
  A glass eye (shapeshifter) (Lair:5)
  11 dream sheep
  2 wyverns
  5 spriggans
  2 shadows
  32 slime creatures
  62 yaks
  A vampire (D:11)
  A ynoxinul (Lair:5)
  5 fire elementals (D:14)
  4 wraiths
  11 basilisks
  2 chaos spawn (Lair:5)
  5 redbacks
  17 vampire mosquitoes
  7 swamp worms
  5 wargs
  3 acid dragons
  Duvessa (D:6)
  3 hell hounds (D:14)
  20 water moccasins
  5 great orb of eyes simulacra (IceCv)
  3 black bears
  A swamp drake (shapeshifter) (Lair:5)
  12 orc warriors
  8 ice beasts
  26 ogres
  7 centaurs
  2 lemures (D:6)
  27 wolves
  4 phantoms
  6 slime creature simulacra (IceCv)
  3 kobold brigands
  20 bullfrogs
  3 glowing shapeshifter simulacra (IceCv)
  A gnoll sergeant (D:5)
  12 scorpions
  9 small abominations (Lair:5)
  A hornet simulacrum (D:15)
  7 wights
  Dowan (D:6)
  16 killer bees
  An electric eel (Lair:2)
  3 howler monkeys
  A hound (D:7)
  2 lava snakes
  3 jellies
  A gnoll bouda (D:10)
  Crazy Yiuf (D:6)
  8 orc priests
  A sleepcap (D:4)
  Natasha (thrice) (D:3)
  6 iguanas
  24 orc wizards
  6 hell rats (Lair:5)
  2 shapeshifter simulacra (IceCv)
  14 gnolls
  7 adders
  3 white imps
  5 worms
  3 dart slugs
  94 orcs
  6 bats
  7 endoplasms
  3 giant cockroaches
  10 goblins
  8 hobgoblins
  2 jackals (D:3)
  19 kobolds
  6 quokkas
  9 ball pythons
  3 frilled lizards
  5 rats
870 creatures vanquished.

Vanquished Creatures (collateral kills)
  3 vampire mosquitoes (D:11)
3 creatures vanquished.

Vanquished Creatures (others)
  A thorn hunter (Swamp:2)
  A spriggan (Swamp:2)
  A centaur skeleton (D:15)
  2 hornets (Swamp:2)
5 creatures vanquished.

Grand Total: 878 creatures vanquished

Table legend: (Time is in decaauts)
 A = Elapsed time spent in this place.
 B = Non-inter-level travel time spent in this place.
 C = Inter-level travel time spent in this place.
 D = Time resting spent in this place.
 E = Time spent auto-exploring this place.
 F = Levels seen in this place.
 G = Mean time per level.
                   A        B        C        D        E       F      G
               +--------+--------+--------+--------+--------+-----+--------+
         Total |  30388 |  28502 |   1886 |   2437 |  20413 |  27 | 1125.5 |
       Dungeon |  16372 |  15214 |   1158 |    630 |  11736 |  15 | 1091.5 |
        Temple |     13 |      8 |      5 |      0 |      0 |   1 |   13.0 |
          Lair |   8773 |   8230 |    543 |    558 |   6061 |   5 | 1754.6 |
         Swamp |   1756 |   1750 |      6 |     57 |   1471 |   2 |  878.0 |
  Orcish Mines |   1931 |   1759 |    172 |    497 |    929 |   2 |  965.5 |
        Bailey |    344 |    344 |      0 |      0 |    215 |   1 |  344.0 |
      Ice Cave |   1197 |   1197 |      0 |    694 |      0 |   1 | 1197.0 |
               +--------+--------+--------+--------+--------+-----+--------+

Top non-repeatable levels by time:
  Lair:5: 2465 daAuts
  Lair:3: 2253 daAuts
    D:15: 1967 daAuts
    D:13: 1780 daAuts
 Swamp:1: 1471 daAuts
  Lair:1: 1412 daAuts
  Lair:2: 1341 daAuts
  Lair:4: 1300 daAuts
    D:11: 1270 daAuts
   IceCv: 1197 daAuts
     D:7: 1168 daAuts
     D:2: 1149 daAuts
    D:12: 1101 daAuts
     D:5: 1088 daAuts
     D:6: 1022 daAuts

Table legend:
 A = Non-vault XP
 B = Vault XP
 C = Vault XP percentage of total XP
 D = Non-vault monster count
 E = Vault monster count
 F = Vault count percentage of total count
                 A         B        C        D         E       F
            +---------+---------+-------+---------+---------+-------
      Total |  108706 |   78622 |  42.0 |     567 |     309 |  35.3
            +---------+---------+-------+---------+---------+-------
        D:1 |      33 |       0 |   0.0 |      19 |       0 |   0.0
        D:2 |     115 |      14 |  10.9 |      32 |       5 |  13.5
        D:3 |     131 |      36 |  21.6 |      18 |       1 |   5.3
        D:4 |     626 |      16 |   2.5 |      20 |       3 |  13.0
        D:5 |     974 |       0 |   0.0 |      16 |       0 |   0.0
        D:6 |     754 |    1293 |  63.2 |      13 |       5 |  27.8
        D:7 |    1259 |    2214 |  63.7 |      13 |      30 |  69.8
        D:8 |    1432 |    2567 |  64.2 |      24 |      15 |  38.5
        D:9 |    2506 |     254 |   9.2 |       7 |      32 |  82.1
       D:10 |    2785 |    1278 |  31.5 |      20 |       4 |  16.7
       D:11 |    1791 |     853 |  32.3 |      17 |       2 |  10.5
       D:12 |    3297 |       0 |   0.0 |      14 |       0 |   0.0
       D:13 |    3449 |    1703 |  33.1 |      13 |       2 |  13.3
       D:14 |    4682 |    3365 |  41.8 |      25 |      12 |  32.4
       D:15 |   13055 |    6648 |  33.7 |      31 |      12 |  27.9
     Lair:1 |    7225 |    1717 |  19.2 |      30 |       3 |   9.1
     Lair:2 |    4329 |     960 |  18.2 |      19 |       2 |   9.5
     Lair:3 |   16207 |    8225 |  33.7 |      53 |      22 |  29.3
     Lair:4 |   10865 |    4548 |  29.5 |      35 |      17 |  32.7
     Lair:5 |   11370 |   13028 |  53.4 |      46 |      43 |  48.3
    Swamp:1 |    9427 |       0 |   0.0 |      19 |       0 |   0.0
    Swamp:2 |    4388 |    4082 |  48.2 |      16 |       7 |  30.4
      Orc:1 |    5822 |    4800 |  45.2 |      35 |      10 |  22.2
      Orc:2 |    1697 |   11955 |  87.6 |      30 |      29 |  49.2
     Bailey |       0 |     267 | 100.0 |       0 |      20 | 100.0
      IceCv |     487 |    8799 |  94.8 |       2 |      33 |  94.3
            +---------+---------+-------+---------+---------+-------
